 Dungeon Crawl Stone Soup version 0.29.1 (webtiles) character file.

Game seed: 17067613049205767905

4227 qw the Cleaver (level 10, -1/64 HPs)
             Began as a Gargoyle Fighter on Sept 13, 2022.
             Was a Priest of Okawaru.
             Slain by a wyvern (7 damage)
             ... on level 7 of the Dungeon.
             The game lasted 00:04:23 (8726 turns).

qw the Cleaver (Gargoyle Fighter)                   Turns: 8726, Time: 00:04:24

Health: -1/64      AC: 27    Str: 36    XL:     10   Next: 30%
Magic:  11/13      EV:  9    Int:  9    God:    Okawaru [***...]
Gold:   108        SH: 15    Dex:  9    Spells: 9/9 levels left

rFire   + . .      SeeInvis .   Y - +0 war axe
rCold   . . .      Faith    .   j - +0 kite shield
rNeg    + . .      Spirit   .   p - +2 plate armour {rF+}
rPois   inf        Reflect  +   (no helmet)
rElec   +          Harm     .   i - +2 cloak
rCorr   .          Rampage  .   (no gloves)
Will    .....                   (no boots)
Stlth   ..........              a - amulet of reflection
HPRegen 0.20/turn               e - +6 ring of strength
MPRegen 0.13/turn               r - +6 ring of strength

@: heroic
A: sickness immunity, AC +7, negative energy resistance 1, electricity
resistance, torment resistance 1, petrification resistance
a: Renounce Religion, Heroism


You were on level 7 of the Dungeon.
You worshipped Okawaru.
Okawaru was most pleased with you.
You visited 2 branches of the dungeon, and saw 9 of its levels.

You collected 269 gold pieces.
You spent 161 gold pieces at shops.


Innate Abilities, Weirdness & Mutations

You are immune to sickness and miasma.
Your stone body is resilient. (AC +7)
You are immune to poison.
You resist negative energy. (rN+)
You are resistant to electric shocks. (rElec)
You are resistant to unholy torment.
You are immune to petrification.


   Skills:
 - Level 7.8(12.8) Fighting
 - Level 10.0(15.0) Axes
 - Level 2.0(7.0) Throwing
 - Level 6.0(11.0) Armour
 - Level 1.3(6.3) Dodging
 + Level 4.9(9.9) Shields
 - Level 4.1 Invocations


You had 9 spell levels left.
You didn't know any spells.
Your spell library was empty.

Inventory:

Hand Weapons
 g - the +6 shillelagh "Devastator" {shatter}
   (You found it on level 4 of the Dungeon)

   It releases a powerful concussive burst when it strikes, dealing extra damage
   to the target and all other foes adjacent to them.
 Y - a +0 war axe (weapon)
Missiles
 b - 3 boomerangs (quivered)
Armour
 i - a +2 cloak (worn)
 j - a +0 kite shield (worn)
 p - a +2 plate armour of fire resistance (worn)
Jewellery
 a - an amulet of reflection (around neck)
 e - a +6 ring of strength (left hand)
 r - a +6 ring of strength (right hand)
Scrolls
 h - 3 scrolls of blinking
 k - 3 scrolls of teleportation
 l - 3 scrolls of fog
 o - a scroll of identify
Potions
 d - 3 potions of might
 f - 3 potions of heal wounds
 n - a potion of magic {unknown}
 q - a potion of invisibility {unknown}
 t - 2 potions of attraction
 u - a potion of curing

Dungeon Overview and Level Annotations

Branches:
Dungeon (8/15)             Temple (1/1) D:5
   Lair: D:8-11

Altars:
Ashenzari
Cheibriados
Dithmenos
Elyvilon
Fedhas
Gozag
Hepliaklqana
Kikubaaqudgha
Makhleb
Nemelex Xobeh
Okawaru
Qazlal
Ru
Sif Muna
Trog
Uskayaw
Vehumet
Wu Jian
Xom
Yredelemnul
Zin

Shops:
D:5 :!?*=

Annotations:
D:4 1 runed translucent door, Crazy Yiuf


Message History

There is a stone staircase leading down here.
8720 ||| INVOKING Heroism.
You gain the combat prowess of a mighty hero.
You block the wyvern's attack. Something hits you but does no damage.
Deactivating autopickup; reactivate with Ctrl-A.
You block the orc wizard's attack.
The wyvern bites you but does no damage.
You closely miss the wyvern. You hit the orc wizard.
You closely miss something. You block the wyvern's attack.
Something hits you but does no damage. The orc wizard completely misses you.
You hit the orc wizard but do no damage.
The orc wizard is heavily wounded.
You slash something! You barely miss the wyvern. You block the wyvern's attack.
Something hits you but does no damage.
The orc wizard points at you and mumbles some strange words.
You easily resist.
You slash the orc wizard!
You kill the orc wizard!
Okawaru accepts your kill.
You closely miss the wyvern. You miss something.
You block the wyvern's attack. x2
The wyvern bites you but does no damage.
Something hits you but does no damage.
You barely miss the wyvern. x2; You miss something.
The wyvern closely misses you. You block the wyvern's attack.
Something hits you but does no damage.
You barely miss the wyvern. You closely miss the wyvern.
You closely miss something. The wyvern barely misses you.
The wyvern bites you but does no damage.
You hit the wyvern.
The wyvern is lightly wounded.
You slash something! Okawaru accepts your kill.
Reactivating autopickup.
You feel a bit more experienced.
You barely miss the wyvern. The wyvern bites you! The wyvern bites you.
The wyvern bites you but does no damage.
The wyvern bites you!
You die...

#.######.# #.#
#.######.# #.#
#........# #.#
########## #.#
#########?#
#.......#.##
#..........#
#....#####h# #....#
#@##########
#######....#
#ll........#
.....##....#
#[########.#
.....##....#####.#
##.#
.................#
#..#
.....##.######..##
#.## .....#..#
#..## #.#
##......######...##
#.#
#####...[[.......##
#.##


You could see a black bear and 2 wyverns.

Vanquished Creatures
  Pikel (D:7)
  Grinder (D:6)
  A troll (D:7)
  Sigmund (D:4)
  5 yaks (D:7)
  A steam dragon (D:7)
  Edmund (D:6)
  2 water moccasins (D:7)
  3 ice beasts (D:6)
  2 black bears (D:7)
  A sky beast (D:6)
  An ogre (D:5)
  A lemure (D:7)
  A phantom (D:6)
  5 bullfrogs
  2 scorpions
  A necrophage (D:6)
  3 wights (D:7)
  2 vampire bats (D:4)
  2 orc priests
  A jelly (D:7)
  3 hounds
  Jessica (D:3)
  Ijyb (D:3)
  5 orc wizards
  7 gnolls
  7 adders
  A white imp (D:6)
  A worm (D:1)
  A dart slug (D:1)
  21 orcs
  10 ball pythons
  5 endoplasms
  5 goblins
  7 hobgoblins
  2 jackals (D:1)
  5 kobolds
  3 quokkas
  11 bats
  3 frilled lizards
  3 rats
140 creatures vanquished.

Notes
Turn   | Place    | Note
-------+----------+-------------------------------------------
     0 | D:1      | qw the Gargoyle Fighter began the quest for the Orb.
     0 | D:1      | Reached XP level 1. HP: 14/14 MP: 1/1
     0 | D:1      | 0 ||| qw: Version: 0.1-a-119-g272c26d
     0 | D:1      | 0 ||| qw: Game counter: 11220
     0 | D:1      | 0 ||| qw: Always use a shield: true
     0 | D:1      | 0 ||| qw: God list: Okawaru
     0 | D:1      | 0 ||| qw: Allow faded altars: false
     0 | D:1      | 0 ||| qw: Do Orc after D:15 true
     0 | D:1      | 0 ||| qw: Do second Lair branch before Depths: true
     0 | D:1      | 0 ||| qw: Lair rune preference: random
     0 | D:1      | 0 ||| qw: Plans: Normal, Zot, God:TSO, Crypt, Tomb, Pan,
                  | Slime, Hells, Zig, Abyss, Orb
     0 | D:1      | 0 ||| PLANNING D:1-11
    93 | D:1      | Reached skill level 2 in Axes
   285 | D:1      | Reached XP level 2. HP: 12/19 MP: 2/2
   568 | D:1      | 568 ||| READING scroll labelled MOENWO GOAPPU.
   569 | D:1      | 569 ||| READING scroll labelled SAUTUTHROTOTA.
   570 | D:1      | 570 ||| Stepping randomly (stuck).
   571 | D:1      | 571 ||| Stepping randomly (stuck).
   572 | D:1      | 572 ||| Stepping randomly (stuck).
   573 | D:1      | 573 ||| Stepping randomly (stuck).
   574 | D:1      | 574 ||| Stepping randomly (stuck).
   575 | D:1      | 575 ||| Stepping randomly (stuck).
   576 | D:1      | 576 ||| Stepping randomly (stuck).
   578 | D:1      | 578 ||| Stepping randomly (stuck).
   580 | D:1      | 580 ||| Stepping randomly (stuck).
   581 | D:1      | 581 ||| Stepping randomly (stuck).
   582 | D:1      | 582 ||| Stepping randomly (stuck).
   583 | D:1      | 583 ||| Stepping randomly (stuck).
   584 | D:1      | 584 ||| Stepping randomly (stuck).
   586 | D:1      | 586 ||| Stepping randomly (stuck).
   587 | D:1      | 587 ||| Stepping randomly (stuck).
   588 | D:1      | 588 ||| Stepping randomly (stuck).
   589 | D:1      | 589 ||| Stepping randomly (stuck).
   590 | D:1      | 590 ||| Stepping randomly (stuck).
   592 | D:1      | 592 ||| Stepping randomly (stuck).
   594 | D:1      | 594 ||| Stepping randomly (stuck).
   596 | D:1      | 596 ||| Stepping randomly (stuck).
   598 | D:1      | 598 ||| Stepping randomly (stuck).
   599 | D:1      | 599 ||| Stepping randomly (stuck).
   600 | D:1      | 600 ||| Stepping randomly (stuck).
   602 | D:1      | 602 ||| Stepping randomly (stuck).
   603 | D:1      | 603 ||| Stepping randomly (stuck).
   604 | D:1      | 604 ||| Stepping randomly (stuck).
   605 | D:1      | 605 ||| Stepping randomly (stuck).
   606 | D:1      | 606 ||| Stepping randomly (stuck).
   607 | D:1      | 607 ||| Stepping randomly (stuck).
   608 | D:1      | 608 ||| Stepping randomly (stuck).
   609 | D:1      | 609 ||| Stepping randomly (stuck).
   610 | D:1      | 610 ||| Stepping randomly (stuck).
   612 | D:1      | 612 ||| Stepping randomly (stuck).
   613 | D:1      | 613 ||| Stepping randomly (stuck).
   614 | D:1      | 614 ||| Stepping randomly (stuck).
   616 | D:1      | 616 ||| Stepping randomly (stuck).
   617 | D:1      | 617 ||| Stepping randomly (stuck).
   618 | D:1      | 618 ||| Stepping randomly (stuck).
   619 | D:1      | 619 ||| Stepping randomly (stuck).
   620 | D:1      | 620 ||| Stepping randomly (stuck).
   621 | D:1      | 621 ||| Stepping randomly (stuck).
   622 | D:1      | 622 ||| Stepping randomly (stuck).
   623 | D:1      | 623 ||| Stepping randomly (stuck).
   624 | D:1      | 624 ||| Stepping randomly (stuck).
   625 | D:1      | 625 ||| Stepping randomly (stuck).
   626 | D:1      | 626 ||| Stepping randomly (stuck).
   627 | D:1      | 627 ||| Stepping randomly (stuck).
   628 | D:1      | 628 ||| Stepping randomly (stuck).
   629 | D:1      | 629 ||| Stepping randomly (stuck).
   630 | D:1      | 630 ||| Stepping randomly (stuck).
   631 | D:1      | 631 ||| Stepping randomly (stuck).
   632 | D:1      | 632 ||| Stepping randomly (stuck).
   634 | D:1      | 634 ||| Stepping randomly (stuck).
   635 | D:1      | 635 ||| Stepping randomly (stuck).
   636 | D:1      | 636 ||| Stepping randomly (stuck).
   638 | D:1      | 638 ||| Stepping randomly (stuck).
   639 | D:1      | 639 ||| Stepping randomly (stuck).
   640 | D:1      | 640 ||| Stepping randomly (stuck).
   641 | D:1      | 641 ||| Stepping randomly (stuck).
   642 | D:1      | 642 ||| Stepping randomly (stuck).
   643 | D:1      | 643 ||| Stepping randomly (stuck).
   644 | D:1      | 644 ||| Stepping randomly (stuck).
   645 | D:1      | 645 ||| Stepping randomly (stuck).
   646 | D:1      | 646 ||| Stepping randomly (stuck).
   648 | D:1      | 648 ||| Stepping randomly (stuck).
   649 | D:1      | 649 ||| Stepping randomly (stuck).
   650 | D:1      | 650 ||| Stepping randomly (stuck).
   651 | D:1      | 651 ||| Stepping randomly (stuck).
   652 | D:1      | 652 ||| Stepping randomly (stuck).
   654 | D:1      | 654 ||| Stepping randomly (stuck).
   656 | D:1      | 656 ||| Stepping randomly (stuck).
   658 | D:1      | 658 ||| Stepping randomly (stuck).
   660 | D:1      | 660 ||| Stepping randomly (stuck).
   662 | D:1      | 662 ||| Stepping randomly (stuck).
   663 | D:1      | 663 ||| Stepping randomly (stuck).
   664 | D:1      | 664 ||| Stepping randomly (stuck).
   665 | D:1      | 665 ||| Stepping randomly (stuck).
   666 | D:1      | 666 ||| Stepping randomly (stuck).
   667 | D:1      | 667 ||| Stepping randomly (stuck).
   668 | D:1      | 668 ||| Stepping randomly (stuck).
   669 | D:1      | 669 ||| Stepping randomly (stuck).
   670 | D:1      | 670 ||| Stepping randomly (stuck).
   671 | D:1      | 671 ||| Stepping randomly (stuck).
   672 | D:1      | 672 ||| Stepping randomly (stuck).
   673 | D:1      | 673 ||| Stepping randomly (stuck).
   674 | D:1      | 674 ||| Stepping randomly (stuck).
   675 | D:1      | 675 ||| Stepping randomly (stuck).
   676 | D:1      | 676 ||| Stepping randomly (stuck).
   677 | D:1      | 677 ||| Stepping randomly (stuck).
   678 | D:1      | 678 ||| Stepping randomly (stuck).
   679 | D:1      | 679 ||| Stepping randomly (stuck).
   680 | D:1      | 680 ||| Stepping randomly (stuck).
   681 | D:1      | 681 ||| Stepping randomly (stuck).
   682 | D:1      | 682 ||| Stepping randomly (stuck).
   683 | D:1      | 683 ||| Stepping randomly (stuck).
   684 | D:1      | 684 ||| Stepping randomly (stuck).
   685 | D:1      | 685 ||| Stepping randomly (stuck).
   686 | D:1      | 686 ||| Stepping randomly (stuck).
   687 | D:1      | 687 ||| Stepping randomly (stuck).
   688 | D:1      | 688 ||| Stepping randomly (stuck).
   690 | D:1      | 690 ||| Stepping randomly (stuck).
   692 | D:1      | 692 ||| Stepping randomly (stuck).
   693 | D:1      | 693 ||| Stepping randomly (stuck).
   694 | D:1      | 694 ||| Stepping randomly (stuck).
   695 | D:1      | 695 ||| Stepping randomly (stuck).
   696 | D:1      | 696 ||| Stepping randomly (stuck).
   697 | D:1      | 697 ||| Stepping randomly (stuck).
   698 | D:1      | 698 ||| Stepping randomly (stuck).
   699 | D:1      | 699 ||| Stepping randomly (stuck).
   700 | D:1      | 700 ||| Stepping randomly (stuck).
   701 | D:1      | 701 ||| Stepping randomly (stuck).
   702 | D:1      | 702 ||| Stepping randomly (stuck).
   703 | D:1      | 703 ||| Stepping randomly (stuck).
   704 | D:1      | 704 ||| Stepping randomly (stuck).
   706 | D:1      | 706 ||| Stepping randomly (stuck).
   708 | D:1      | 708 ||| Stepping randomly (stuck).
   710 | D:1      | 710 ||| Stepping randomly (stuck).
   712 | D:1      | 712 ||| Stepping randomly (stuck).
   713 | D:1      | 713 ||| Stepping randomly (stuck).
   714 | D:1      | 714 ||| Stepping randomly (stuck).
   716 | D:1      | 716 ||| Stepping randomly (stuck).
   718 | D:1      | 718 ||| Stepping randomly (stuck).
   719 | D:1      | 719 ||| Stepping randomly (stuck).
   720 | D:1      | 720 ||| Stepping randomly (stuck).
   722 | D:1      | 722 ||| Stepping randomly (stuck).
   724 | D:1      | 724 ||| Stepping randomly (stuck).
   725 | D:1      | 725 ||| Stepping randomly (stuck).
   726 | D:1      | 726 ||| Stepping randomly (stuck).
   727 | D:1      | 727 ||| Stepping randomly (stuck).
   728 | D:1      | 728 ||| Stepping randomly (stuck).
   730 | D:1      | 730 ||| Stepping randomly (stuck).
   732 | D:1      | 732 ||| Stepping randomly (stuck).
   734 | D:1      | 734 ||| Stepping randomly (stuck).
   735 | D:1      | 735 ||| Stepping randomly (stuck).
   736 | D:1      | 736 ||| Stepping randomly (stuck).
   737 | D:1      | 737 ||| Stepping randomly (stuck).
   738 | D:1      | 738 ||| Stepping randomly (stuck).
   739 | D:1      | 739 ||| Stepping randomly (stuck).
   740 | D:1      | 740 ||| Stepping randomly (stuck).
   741 | D:1      | 741 ||| Stepping randomly (stuck).
   742 | D:1      | 742 ||| Stepping randomly (stuck).
   743 | D:1      | 743 ||| Stepping randomly (stuck).
   744 | D:1      | 744 ||| Stepping randomly (stuck).
   745 | D:1      | 745 ||| Stepping randomly (stuck).
   746 | D:1      | 746 ||| Stepping randomly (stuck).
   747 | D:1      | 747 ||| Stepping randomly (stuck).
   748 | D:1      | 748 ||| Stepping randomly (stuck).
   749 | D:1      | 749 ||| Stepping randomly (stuck).
   750 | D:1      | 750 ||| Stepping randomly (stuck).
   751 | D:1      | 751 ||| Stepping randomly (stuck).
   752 | D:1      | 752 ||| Stepping randomly (stuck).
   753 | D:1      | 753 ||| Stepping randomly (stuck).
   754 | D:1      | 754 ||| Stepping randomly (stuck).
   756 | D:1      | 756 ||| Stepping randomly (stuck).
   757 | D:1      | 757 ||| Stepping randomly (stuck).
   758 | D:1      | 758 ||| Stepping randomly (stuck).
   759 | D:1      | 759 ||| Stepping randomly (stuck).
   760 | D:1      | 760 ||| Stepping randomly (stuck).
   761 | D:1      | 761 ||| Stepping randomly (stuck).
   762 | D:1      | 762 ||| Stepping randomly (stuck).
   764 | D:1      | 764 ||| Stepping randomly (stuck).
   766 | D:1      | 766 ||| Stepping randomly (stuck).
   768 | D:1      | 768 ||| Stepping randomly (stuck).
   769 | D:1      | 769 ||| Stepping randomly (stuck).
   770 | D:1      | 770 ||| Stepping randomly (stuck).
   771 | D:1      | 771 ||| Stepping randomly (stuck).
   772 | D:1      | 772 ||| Stepping randomly (stuck).
   773 | D:1      | 773 ||| Stepping randomly (stuck).
   774 | D:1      | 774 ||| Stepping randomly (stuck).
   776 | D:1      | 776 ||| Stepping randomly (stuck).
   778 | D:1      | 778 ||| Stepping randomly (stuck).
   780 | D:1      | 780 ||| Stepping randomly (stuck).
   781 | D:1      | 781 ||| Stepping randomly (stuck).
   782 | D:1      | 782 ||| Stepping randomly (stuck).
   783 | D:1      | 783 ||| Stepping randomly (stuck).
   784 | D:1      | 784 ||| Stepping randomly (stuck).
   785 | D:1      | 785 ||| Stepping randomly (stuck).
   786 | D:1      | 786 ||| Stepping randomly (stuck).
   787 | D:1      | 787 ||| Stepping randomly (stuck).
   788 | D:1      | 788 ||| Stepping randomly (stuck).
   789 | D:1      | 789 ||| Stepping randomly (stuck).
   790 | D:1      | 790 ||| Stepping randomly (stuck).
   791 | D:1      | 791 ||| Stepping randomly (stuck).
   792 | D:1      | 792 ||| Stepping randomly (stuck).
   793 | D:1      | 793 ||| Stepping randomly (stuck).
   794 | D:1      | 794 ||| Stepping randomly (stuck).
   795 | D:1      | 795 ||| Stepping randomly (stuck).
   796 | D:1      | 796 ||| Stepping randomly (stuck).
   797 | D:1      | 797 ||| Stepping randomly (stuck).
   798 | D:1      | 798 ||| Stepping randomly (stuck).
   800 | D:1      | 800 ||| Stepping randomly (stuck).
   802 | D:1      | 802 ||| Stepping randomly (stuck).
   804 | D:1      | 804 ||| Stepping randomly (stuck).
   805 | D:1      | 805 ||| Stepping randomly (stuck).
   806 | D:1      | 806 ||| Stepping randomly (stuck).
   807 | D:1      | 807 ||| Stepping randomly (stuck).
   808 | D:1      | 808 ||| Stepping randomly (stuck).
   810 | D:1      | 810 ||| Stepping randomly (stuck).
   811 | D:1      | 811 ||| Stepping randomly (stuck).
   812 | D:1      | 812 ||| Stepping randomly (stuck).
   813 | D:1      | 813 ||| Stepping randomly (stuck).
   814 | D:1      | 814 ||| Stepping randomly (stuck).
   815 | D:1      | 815 ||| Stepping randomly (stuck).
   816 | D:1      | 816 ||| Stepping randomly (stuck).
   817 | D:1      | 817 ||| Stepping randomly (stuck).
   818 | D:1      | 818 ||| Stepping randomly (stuck).
   819 | D:1      | 819 ||| Stepping randomly (stuck).
   820 | D:1      | 820 ||| Stepping randomly (stuck).
   821 | D:1      | 821 ||| Stepping randomly (stuck).
   822 | D:1      | 822 ||| Stepping randomly (stuck).
  1089 | D:1      | Reached skill level 3 in Axes
  1216 | D:1      | Reached XP level 3. HP: 23/23 MP: 3/3
  1628 | D:1      | Found a faded altar of an unknown god.
  1631 | D:1      | 1631 ||| UPGRADING to amulet of reflection.
  1636 | D:1      | 1636 ||| READING scroll labelled BIBLEC YSHRAOM.
  1640 | D:1      | 1640 ||| READING scroll labelled ISCHIM LERI DEF.
  1641 | D:1      | 1641 ||| DRINKING 2 lumpy yellow potions.
  1764 | D:2      | 1764 ||| Stepping ~*~*~tactically~*~*~ (stealth).
  1765 | D:2      | 1765 ||| Stepping ~*~*~tactically~*~*~ (stealth).
  1963 | D:2      | Reached XP level 4. HP: 23/28 MP: 4/4
  2057 | D:2      | Reached skill level 4 in Axes
  2513 | D:2      | 2513 ||| UPGRADING to +0 plate armour.
  2523 | D:2      | 2523 ||| DROPPING +0 scale mail.
  2524 | D:2      | 2524 ||| UPGRADING to +2 cloak.
  2529 | D:2      | 2529 ||| DROPPING amulet of faith.
  2530 | D:2      | 2530 ||| UPGRADING to +6 ring of strength.
  2531 | D:2      | 2531 ||| READING 3 scrolls labelled DUTIMP SUAXUAL.
  2532 | D:2      | 2532 ||| READING scroll labelled VEIDYCH EKHLAU.
  2952 | D:3      | Noticed Jessica
  2955 | D:3      | Killed Jessica
  2956 | D:3      | Reached XP level 5. HP: 32/32 MP: 5/5
  2981 | D:3      | Reached skill level 5 in Axes
  3204 | D:3      | Noticed Ijyb
  3211 | D:3      | Killed Ijyb
  3543 | D:3      | 3543 ||| READING scroll labelled ZUXZIH VIREGA.
  3751 | D:4      | 3751 ||| Stepping ~*~*~tactically~*~*~ (stealth).
  3758 | D:4      | 3758 ||| Stepping ~*~*~tactically~*~*~ (stealth).
  3773 | D:4      | Found a runed translucent door.
  3773 | D:4      | Found the +6 shillelagh "Devastator" {shatter}
  3774 | D:4      | Noticed Crazy Yiuf
  3777 | D:4      | 3777 ||| DROPPING +0 mace.
  3780 | D:4      | 3780 ||| DROPPING +0 hammer of venom.
  4000 | D:4      | Reached XP level 6. HP: 20/38 MP: 6/6
  4000 | D:4      | 4000 ||| FLEEEEING.
  4378 | D:4      | Noticed Sigmund
  4392 | D:4      | Killed Sigmund
  4393 | D:4      | Reached skill level 6 in Axes
  4396 | D:4      | Reached XP level 7. HP: 38/43 MP: 7/7
  4503 | D:4      | Reached skill level 1 in Dodging
  4673 | D:4      | 4673 ||| UPGRADING to +0 plate armour of fire resistance.
  4683 | D:4      | 4683 ||| DROPPING +0 plate armour.
  4684 | D:4      | 4684 ||| READING scroll labelled POUTAG TEINNO.
  4707 | D:5      | Entered Level 5 of the Dungeon
  4720 | D:5      | Found Jiynib's Magic Scroll Shop.
  4741 | D:5      | Found Bopydis's Distillery.
  4744 | D:5      | 4744 ||| BUYING scroll of blinking (105 gold).
  4744 | D:5      | Bought a scroll of blinking for 105 gold pieces
  4744 | D:5      | 4744 ||| BUYING scroll of identify (28 gold).
  4744 | D:5      | Bought a scroll of identify for 28 gold pieces
  4744 | D:5      | 4744 ||| BUYING scroll of identify (28 gold).
  4744 | D:5      | Bought a scroll of identify for 28 gold pieces
  4744 | D:5      | 4744 ||| SHOPLISTING scroll of identify (28 gold, have 11).
  4751 | D:5      | 4751 ||| SHOPLISTING 2 potions of haste (260 gold, have
                  | 11).
  4751 | D:5      | 4751 ||| SHOPLISTING potion of curing (39 gold, have 11).
  4751 | D:5      | 4751 ||| SHOPLISTING potion of lignification (39 gold, have
                  | 11).
  4751 | D:5      | 4751 ||| SHOPLISTING potion of mutation (104 gold, have
                  | 11).
  4782 | D:5      | Reached skill level 7 in Axes
  4923 | D:5      | Found Geonis's Book Emporium.
  4977 | D:5      | 4977 ||| Stepping ~*~*~tactically~*~*~ (stealth).
  4979 | D:5      | 4979 ||| Stepping ~*~*~tactically~*~*~ (hiding).
  4980 | D:5      | 4980 ||| Stepping ~*~*~tactically~*~*~ (hiding).
  4982 | D:5      | 4982 ||| Stepping ~*~*~tactically~*~*~ (hiding).
  5323 | D:5      | Found a staircase to the Ecumenical Temple.
  5324 | D:5      | 5324 ||| PLANNING TEMPLE
  5324 | D:5      | 5324 ||| READING scroll labelled DYUNUG KUBIN.
  5325 | D:5      | 5325 ||| READING scroll labelled FASHYMMORGH.
  5326 | D:5      | 5326 ||| DRINKING 2 viscous pink potions.
  5327 | D:5      | 5327 ||| READING 3 scrolls of identify.
  5327 | D:5      | 5327 ||| IDENTIFYING clear potion
  5328 | D:5      | 5328 ||| READING 2 scrolls of identify.
  5328 | D:5      | 5328 ||| IDENTIFYING murky blue potion
  5329 | D:5      | 5329 ||| DROPPING potion of berserk rage.
  5330 | D:5      | 5330 ||| DROPPING potion of ambrosia.
  5334 | Temple   | Entered the Ecumenical Temple
  5691 | Temple   | 5691 ||| PLANNING D:1-11
  5728 | Temple   | Became a worshipper of Warmaster Okawaru
  5855 | D:5      | Found Wacen's Jewellery Shop.
  5860 | D:5      | 5860 ||| SHOPLISTING +4 ring of evasion (432 gold, have
                  | 26).
  5860 | D:5      | 5860 ||| SHOPLISTING ring "Zofi" {rPois rF+ Will- Int+3
                  | SInv} (510 gold, have 26).
  5860 | D:5      | 5860 ||| SHOPLISTING ring of protection from cold (300
                  | gold, have 26).
  5860 | D:5      | 5860 ||| SHOPLISTING ring of the Will of the Gods {rPois
                  | Slay+3} (475 gold, have 26).
  5875 | D:5      | Found Harocor's Assorted Antiques.
  5878 | D:5      | 5878 ||| SHOPLISTING glowing mace (174 gold, have 26).
  5878 | D:5      | 5878 ||| SHOPLISTING pair of boots (130 gold, have 26).
  5878 | D:5      | 5878 ||| SHOPLISTING potion of might (116 gold, have 26).
  5878 | D:5      | 5878 ||| SHOPLISTING scroll labelled ENTANOI GOSUCW (29
                  | gold, have 26).
  5878 | D:5      | 5878 ||| SHOPLISTING scroll labelled UMMIYM RAYS (29 gold,
                  | have 26).
  6016 | D:6      | Noticed Grinder
  6016 | D:6      | Paralysed by Grinder for 2 turns
  6021 | D:6      | Paralysed by Grinder for 4 turns
  6035 | D:6      | Paralysed by Grinder for 4 turns
  6048 | D:6      | Killed Grinder
  6049 | D:6      | Reached skill level 6 in Fighting
  6049 | D:6      | Reached XP level 8. HP: 16/51 MP: 8/8
  6267 | D:6      | Reached * piety under Okawaru
  6304 | D:6      | 6304 ||| Stepping ~*~*~tactically~*~*~ (hiding).
  6305 | D:6      | 6305 ||| Stepping ~*~*~tactically~*~*~ (hiding).
  6412 | D:6      | Noticed Edmund
  6413 | D:6      | 6413 ||| INVOKING Heroism.
  6424 | D:6      | 6424 ||| INVOKING Heroism.
  6427 | D:6      | Killed Edmund
  6619 | D:6      | Reached skill level 1 in Invocations
  6891 | D:6      | 6891 ||| Stepping ~*~*~tactically~*~*~ (stealth).
  6896 | D:6      | 6896 ||| Stepping ~*~*~tactically~*~*~ (stealth).
  6897 | D:6      | 6897 ||| Stepping ~*~*~tactically~*~*~ (stealth).
  6929 | D:6      | 6929 ||| Stepping ~*~*~tactically~*~*~ (stealth).
  6931 | D:6      | 6931 ||| Stepping ~*~*~tactically~*~*~ (stealth).
  7004 | D:6      | Reached skill level 3 in Invocations
  7174 | D:6      | Reached XP level 9. HP: 50/55 MP: 11/11
  7377 | D:6      | 7377 ||| DRINKING 2 murky inky potions.
  7378 | D:6      | 7378 ||| DRINKING 2 viscous blue potions.
  7379 | D:6      | 7379 ||| DROPPING potion of degeneration.
  7414 | D:7      | 7414 ||| STAIRDANCE
  7416 | D:6      | 7416 ||| INVOKING Heroism.
  7422 | D:6      | Reached skill level 8 in Axes
  7440 | D:7      | Reached ** piety under Okawaru
  7512 | D:7      | 7512 ||| READING 2 scrolls of enchant armour.
  7512 | D:7      | 7512 ||| ENCHANTING +0 plate armour of fire resistance.
  7513 | D:7      | 7513 ||| READING scroll of enchant armour.
  7513 | D:7      | 7513 ||| ENCHANTING +1 plate armour of fire resistance.
  7558 | D:7      | 7558 ||| INVOKING Heroism.
  7695 | D:7      | 7695 ||| INVOKING Heroism.
  7923 | D:7      | Noticed Pikel
  7924 | D:7      | 7924 ||| INVOKING Heroism.
  7936 | D:7      | 7936 ||| INVOKING Heroism.
  7952 | D:7      | Killed Pikel
  7953 | D:7      | Reached skill level 9 in Axes
  7987 | D:7      | Noticed a troll
  7988 | D:7      | 7988 ||| Stepping ~*~*~tactically~*~*~ (stealth).
  7990 | D:7      | 7990 ||| INVOKING Heroism.
  7997 | D:7      | Killed a troll
  7997 | D:7      | Reached *** piety under Okawaru
  8007 | D:7      | Identified the +2 leather armour of Tutueqit {Regen+}
  8147 | D:7      | 8147 ||| Stepping ~*~*~tactically~*~*~ (stealth).
  8150 | D:7      | 8150 ||| Stepping ~*~*~tactically~*~*~ (stealth).
  8152 | D:7      | 8152 ||| INVOKING Heroism.
  8153 | D:7      | 8153 ||| Stepping ~*~*~tactically~*~*~ (stealth).
  8163 | D:7      | Reached XP level 10. HP: 61/63 MP: 11/13
  8169 | D:7      | Reached skill level 10 in Axes
  8179 | D:7      | Reached skill level 6 in Armour
  8278 | D:7      | 8278 ||| Stepping ~*~*~tactically~*~*~ (stealth).
  8281 | D:7      | 8281 ||| Stepping ~*~*~tactically~*~*~ (stealth).
  8283 | D:7      | 8283 ||| Stepping ~*~*~tactically~*~*~ (stealth).
  8298 | D:7      | 8298 ||| Stepping ~*~*~tactically~*~*~ (stealth).
  8302 | D:7      | 8302 ||| Stepping ~*~*~tactically~*~*~ (stealth).
  8308 | D:7      | 8308 ||| Stepping ~*~*~tactically~*~*~ (stealth).
  8309 | D:7      | 8309 ||| Stepping ~*~*~tactically~*~*~ (stealth).
  8313 | D:7      | 8313 ||| Stepping ~*~*~tactically~*~*~ (stealth).
  8605 | D:7      | 8605 ||| UPGRADING to +0 kite shield.
  8615 | D:7      | 8615 ||| DROPPING +0 buckler.
  8616 | D:7      | 8616 ||| UPGRADING to +6 ring of strength.
  8617 | D:7      | 8617 ||| READING scroll labelled EPEPPOA BEGUNU.
  8664 | D:8      | 8664 ||| INVOKING Heroism.
  8665 | D:8      | 8665 ||| STAIRDANCE
  8681 | D:8      | 8681 ||| STAIRDANCE
  8686 | D:8      | 8686 ||| STAIRDANCE
  8693 | D:7      | 8693 ||| INVOKING Heroism.
  8710 | D:8      | Noticed an elephant
  8711 | D:8      | 8711 ||| STAIRDANCE
  8713 | D:8      | 8713 ||| STAIRDANCE
  8715 | D:8      | 8715 ||| STAIRDANCE
  8717 | D:8      | 8717 ||| DRINKING 2 potions of curing.
  8717 | D:8      | 8717 ||| (to cure confusion)
  8718 | D:8      | 8718 ||| STAIRDANCE
  8720 | D:7      | 8720 ||| INVOKING Heroism.
  8726 | D:7      | HP: 12/64 [wyvern (10)]
  8726 | D:7      | Slain by a wyvern

Levels and vault maps discovered:
D:1:      dpeg_arrival_brainrot, layout_rooms,
          shapermc_ecumenical_altar_hornbeckon, serial_co_window_serial,
          co_window_paths_b, co_window_corner_a, co_window_paths_a,
          co_window_cross_1, co_window_corner_a, co_window_unsneaky_path_b,
          co_window_unsneaky_path_e, co_window_unsneaky_path_e,
          co_window_paths_c, co_window_2corner, co_window_2corner,
          co_window_paths_e, glass_columns_a, glass_columns_b, glass_columns_c
D:2:      cheibrodos_helix_gallery, layout_basic
D:3:      layout_basic, serial_bayou_lagoon_a, nicolae_hexahallways, uniq_ijyb,
          uniq_jessica
D:4:      layout_loops_ring, roderic_batcave,
          nicolae_concentric_dashed_squares_wild, uniq_sigmund,
          uniq_crazy_yiuf_cottage
D:5:      layout_rooms, temple_hall_moat, serial_corexii_hall,
          chequers_hall_statues_wall_a, chequers_hall_statues_corner_a,
          corexii_hall_statues_t, corexii_hall_statues_x, serial_shops,
          shop_fountains, shop_statue, kennysheep_mini_moat,
          nicolae_diamond_shop, kennysheep_little_box
D:6:      layout_loops_corners, uniq_grinder, uniq_edmund
D:7:      layout_loops_corners, uniq_pikel
D:8:      layout_cave_pools, david_lair_generic, sword_in_stone
Temple:   roderic_octagonal_lattice_temple

Skill      XL: |  1  2  3  4  5  6  7  8  9 10 |
---------------+-------------------------------+-----
Axes           | 2 3 4 5 6 7 9 10 | 10.0
Fighting       | 4 6 7 |  7.8
Dodging        | 1 |  1.3
Armour         | 4 5 6 |  6.0
Throwing       | 2 |  2.0
Invocations    | 3 4 |  4.1
Shields        | 4 |  4.9

Action                   |  1- 3 |  4- 6 |  7- 9 | 10-12 || total
-------------------------+-------+-------+-------+-------++-------
Melee: War axe           |    87 |   121 |   265 |    62 ||   535
Throw: Boomerang         |       |     3 |    40 |     7 ||    50
Invok: Heroism           |       |       |     9 |     3 ||    12
  Use: Scroll            |     4 |     3 |     7 |     1 ||    15
       Potion            |     1 |       |     3 |     1 ||     5
Armor: Scale mail        |    39 |    18 |       |       ||    57
       Plate armour      |       |    35 |   145 |    57 ||   237
Dodge: Dodged            |    40 |    32 |    77 |    26 ||   175
Block: Buckler           |    26 |    62 |   114 |    13 ||   215
       Reflection        |       |     4 |       |       ||     4
       Kite shield       |       |       |       |    33 ||    33

Table legend:
 A = Non-vault XP
 B = Vault XP
 C = Vault XP percentage of total XP
 D = Non-vault monster count
 E = Vault monster count
 F = Vault count percentage of total count
                 A         B        C        D         E       F
            +---------+---------+-------+---------+---------+-------
      Total |    4402 |    1673 |  27.5 |     122 |      17 |  12.2
            +---------+---------+-------+---------+---------+-------
        D:1 |      38 |       5 |  11.6 |      19 |       1 |   5.0
        D:2 |     104 |       3 |   2.8 |      19 |       2 |   9.5
        D:3 |      57 |      73 |  56.2 |      10 |       2 |  16.7
        D:4 |     153 |     332 |  68.5 |      19 |       8 |  29.6
        D:5 |     332 |       0 |   0.0 |      15 |       0 |   0.0
        D:6 |    1000 |     466 |  31.8 |      13 |       2 |  13.3
        D:7 |    2718 |     794 |  22.6 |      27 |       2 |   6.9
            +---------+---------+-------+---------+---------+-------
